 Dungeon Crawl Stone Soup version bcrawl-1.12-10-g10a67aac0f (webtiles) character file.

Game seed: 9690595016213071538

62128 Gumption the Tortoise (level 14, -8/99 HPs)
             Began as a Dusk Walker Archaeologist on June 13, 2019.
             Was the Champion of Dithmenos.
             Killed from afar by Nikola (22 damage)
             ... with a chain lightning
             ... on level 1 of the Spider Nest.
             The game lasted 02:03:29 (21184 turns).

Gumption the Tortoise (Dusk Walker Archaeologist)  Turns: 21184, Time: 02:03:29

Health: -8/99      AC: 43    Str: 16    XL:     14   Next: 63%
Magic:  18/18      EV:  2    Int: 16    God:    Dithmenos [******]
Gold:   1911       SH: 22    Dex: 11    Spells: 13/13 levels left

rFire    + . .     SeeInvis .   a - +8 autumn katana {slice, Clar}
rCold    + + .     Gourm    .   A - +2 large shield
rNeg     + . .     Faith    .   O - +8 crystal plate armour
rPois    +         Spirit   .   R - +2 hat
rElec    .         Reflect  .   r - +2 cloak
rCorr    .         Harm     .   I - +2 pair of gloves
MR       +++..     Clarity  +   c - +1 pair of boots
Stlth    ++++++++..             M - amulet "Loafuora" {Acrobat rF+ rC++ rN+}
HPRegen  0.26/turn              W - ring of poison resistance
MPRegen  0.16/turn              P - ring of protection from magic

@: wreathed by umbra
A: draining touch, unencumbered stealth, fangs 3, nightstalker 2
a: Shadow Step, Shadow Form, Renounce Religion


You were on level 1 of the Spider Nest.
You worshipped Dithmenos.
Dithmenos was exalted by your worship.
You were hungry.

You visited 5 branches of the dungeon, and saw 21 of its levels.
You also visited: Bailey.

You collected 2796 gold pieces.
You spent 885 gold pieces at shops.

Inventory:

Hand Weapons
 a - the +8 autumn katana (weapon) {slice, Clar}

   It inflicts extra damage upon your enemies.
   It protects you against confusion.
 b - the +4 dagger of the Inferno {elec, rN+ Str+5}
   (You found it on level 4 of the Dungeon)

   Occasionally, upon striking a foe, it will discharge some electrical energy
   and cause terrible harm.
   It affects your strength (+5).
   It protects you from negative energy.
Missiles
 h - 388 tomahawks (quivered)
 q - 3415 stones
 y - 10 throwing nets {!f}
Armour
 c - a +1 pair of boots (worn)
 f - a scarf of stasis
 g - a +0 chain mail of fire resistance
 r - a +2 cloak (worn)
 A - a +2 large shield (worn)
 I - a +2 pair of gloves (worn)
 O - a +8 crystal plate armour (worn)
 R - a +2 hat (worn)
 T - the +1 chain mail of the Evening Star {Int+2 Slay+5}
   (You found it on level 2 of the Lair of Beasts)

   It affects your intelligence (+2).
   It affects your accuracy and damage with ranged weapons and melee attacks
   (+5).
Jewellery
 u - an uncursed ring of positive energy
 x - an uncursed ring of flight
 F - an uncursed ring of protection from cold
 H - an uncursed amulet of regeneration
 M - the amulet "Loafuora" (around neck) {Acrobat rF+ rC++ rN+}
   (You found it in a bailey)

   [amulet of the acrobat]

   It helps you evade while moving and waiting.
   It protects you from fire.
   It greatly protects you from cold.
   It protects you from negative energy.
 P - a ring of protection from magic (right hand)
 W - a ring of poison resistance (left hand)
Wands
 j - a wand of clouds (7)
 t - a wand of digging (23)
 B - a wand of flame (35)
 U - a wand of disintegration (19)
 V - a wand of polymorph (13)
 Y - a wand of acid (8)
Scrolls
 i - 4 scrolls of teleportation
 k - 11 scrolls of remove curse
 n - a scroll of magic mapping
 o - 7 scrolls of enchant weapon
 p - 3 scrolls of blinking
 w - 3 scrolls of immolation
 G - 6 scrolls of fear
 J - a scroll of fog
 L - 2 scrolls of silence
 N - a scroll of enchant armour
 X - 2 scrolls of identify
Potions
 d - 2 potions of cancellation
 l - 4 potions of lignification
 m - 5 potions of heal wounds
 s - 3 potions of agility
 v - a potion of might
 z - 6 potions of flight
 C - 3 potions of mutation
 D - 2 potions of brilliance
 S - 4 potions of curing
Miscellaneous
 E - a lamp of fire
 K - a box of beasts
Comestibles
 e - 44 rations {!d}


   Skills:
 + Level 10.5 Fighting
 - Level 12.0 Long Blades
 + Level 15.3 Armour
 - Level 3.0 Dodging
 + Level 15.1 Stealth
 * Level 13.5 Shields
 + Level 6.6 Invocations


You had 13 spell levels left.
You didn't know any spells.
Your spell library contained the following spells:

 Spells                   Type           Power        Failure   Level  Hunger
 Corona                   Hex            #......      100%        1    ##.....
 Magic Dart               Conj           #...         100%        1    ##.....
 Sandblast                Erth           #.....       100%        1    ##.....
 Summon Small Mammal      Summ           #...         100%        1    ##.....
 Call Imp                 Summ           #.......     100%        2    ###....
 Ensorcelled Hibernation  Hex/Ice        #.....       100%        2    ###....
 Passwall                 Tmut/Erth      #.......     100%        2    ###....
 Searing Ray              Conj           #.....       100%        2    ###....
 Sticks to Snakes         Tmut           #.......     100%        2    ###....
 Call Canine Familiar     Summ           #.......     100%        3    ####...
 Confuse                  Hex            #.......     100%        3    ####...
 Dazzling Spray           Conj/Hex       #.....       100%        3    ####...
 Iskenderun's Mystic Bla  Conj           #.......     100%        3    ####...
 Spider Form              Tmut/Pois      #.........   100%        3    ####...
 Stone Arrow              Conj/Erth      #.....       100%        3    ####...
 Tukima's Dance           Hex            #.......     100%        3    ####...
 Cause Fear               Hex            #.........   100%        4    #####..
 Fulminant Prism          Conj/Hex       #.........   100%        4    #####..
 Ice Form                 Ice/Tmut       #.......     100%        4    #####..
 Olgreb's Toxic Radiance  Pois           #.......     100%        4    #####..
 Petrify                  Tmut/Erth      #.......     100%        4    #####..
 Summon Ice Beast         Ice/Summ       #.......     100%        4    #####..
 Irradiate                Conj/Tmut      #.........   100%        5    ######.
 Lee's Rapid Deconstruct  Erth           #.........   100%        5    ######.
 Summon Lightning Spire   Summ/Air       #.......     100%        5    ######.
 Summon Mana Viper        Hex/Summ       #.......     100%        5    ######.
 Bolt of Fire             Conj/Fire      #.........   100%        6    #######
 Dragon Form              Tmut           #.........   100%        7    #######
 Summon Hydra             Summ           #.........   100%        7    #######
 Dragon's Call            Summ           #.........   100%        9    #######
 Fire Storm               Conj/Fire      #.........   100%        9    #######


Dungeon Overview and Level Annotations

Branches:
Dungeon (12/12)            Temple (1/1) D:5            Lair (6/6) D:8
  Swamp (0/3) Lair:2       Spider (1/3) Lair:4        Slime (0/5) Lair:6
    Orc (1/1) D:11            Elf (0/3) Orc          Vaults (0/3) D:11
 Depths (0/5) D:12

Altars:
Cheibriados
Dithmenos
Elyvilon
Fedhas
Gozag
Hepliaklqana
Kikubaaqudgha
Lugonu
Makhleb
Okawaru
Sif Muna
Trog
Uskayaw
Wu Jian
Xom
Yredelemnul
Beogh
Jiyva

Shops:
D:6 (   D:7 *   D:8 [   D:11 *   Orc ((*(:=

Annotations:
D:10 exclusion: obsidian statue
D:12 exclusion: Roxanne, Roxanne
Spider:1 Nikola


Innate Abilities, Weirdness & Mutations

Your attacks drain your enemies.
You move stealthily even while encumbered by armour.
You have razor-sharp teeth.
You are significantly more attuned to the shadows.


Message History

The demonic crawler hits you but does no damage.
You hit the demonic crawler.
The demonic crawler is lightly wounded.
A wolf spider comes into view.
You block the demonic crawler's attack. x2
The demonic crawler hits you but does no damage.
You slash the demonic crawler!
The demonic crawler is moderately wounded.
The demonic crawler hits you.
The demonic crawler hits you but does no damage. x2
You slash the demonic crawler!
The demonic crawler is heavily wounded.
Nikola gestures wildly while chanting.
You hear a mighty clap of thunder!
The lightning arc hits you!
The lightning arc hits Nikola.
The lightning arc hits you!
* * * LOW HITPOINT WARNING * * *
You emit a cloud of dark smoke.
The lightning arc hits Nikola.
The lightning arc hits you!
You die...

#....#........#^...##†.....#
#...#......###....#......#
#.........##.#....#†..†..#
##........#.^#...@.)..†.##
###......#..#.......####
..#...####.#...............
.........###......^........
.....^...#..§.§...##.......
.......###..§@.....#.......
........#...§s§.##########.
####....#.....§##§...#
......†#.s...§§§§..#
......††.....§§.§###
......†...########
............. .........>....
..........##..


You could see Nikola, a demonic crawler and a wolf spider.

Vanquished Creatures
  Gastronok (Lair:2)
  Azrael (D:12)
  Snorg (Lair:3)
  An ettin (D:11)
  Fannar (D:10)
  5 hydras
  4 two-headed ogres
  A death knight (D:11)
  2 catoblepae
  A centaur warrior (D:8)
  Sonja (Lair:3)
  Nergalle (Orc)
  A fire crab (Lair:5)
  An obsidian statue (D:11)
  An orange crystal statue (D:11)
  Pikel (D:8)
  2 lindwurms (Lair:6)
  2 necromancers
  4 cyclopes
  3 orc sorcerers (Orc)
  A wolf spider (Spider:1)
  A harpy (shapeshifter) (D:12)
  A wolf spider zombie (D:12)
  An orc knight (D:11)
  An orb spider (Lair:4)
  2 oklob plants (Lair:5)
  3 manticores
  3 deep elf magi
  An ugly thing (D:11)
  3 elephants (Lair:5)
  3 black mambas
  Maurice (D:10)
  2 naga magi (D:12)
  A black mamba (shapeshifter) (D:11)
  2 gargoyles
  3 komodo dragons
  4 kobold demonologists
  3 centaur zombies
  7 cane toads
  2 centaur skeletons
  3 rime drakes
  4 jumping spiders (Spider:1)
  A harpy zombie (D:11)
  5 trolls
  A dream sheep (Lair:6)
  6 blink frogs
  3 hippogriffs
  A bog body (Lair:2)
  2 meliai zombies
  A shadow (D:8)
  6 redbacks (Spider:1)
  2 wraiths
  4 wyverns
  4 hogs (D:7)
  4 fire elementals (D:12)
  Eustachio (D:6)
  24 yaks
  A steam dragon (D:12)
  4 basilisks
  3 humans (D:7)
  2 vampire mosquitoes (D:12)
  A hungry ghost (D:11)
  4 wargs (Orc)
  An acid dragon (D:11)
  12 water moccasins
  4 porcupines
  A hell hound (D:12)
  10 orc warriors
  8 sky beasts
  3 phantoms
  A swamp drake (D:11)
  A slave (D:8)
  6 ogres
  4 centaurs
  A wolf (shapeshifter) (D:8)
  4 wolves
  9 crocodiles
  4 big kobolds
  7 bullfrogs
  8 gnoll sergeants (Bailey)
  2 scorpions (D:8)
  9 killer bees
  19 wights
  2 howler monkeys
  2 electric eels
  2 lava snakes (Lair:5)
  2 crimson imps (D:5)
  2 quasits
  5 jellies
  7 hounds
  6 gnoll shamans (Bailey)
  13 orc priests
  Jessica (D:2)
  4 iguanas
  41 orc wizards
  14 worker ants
  A killer bee zombie (D:7)
  A hound skeleton (D:8)
  15 gnolls
  2 howler monkey skeletons
  10 adders
  4 shadow imps
  An ooze (D:1)
  2 adder zombies (D:6)
  An adder skeleton (D:8)
  5 worms
  2 dart slugs
  7 leopard geckos
  91 orcs
  5 giant cockroaches
  9 hobgoblins
  9 jackals
  8 quokkas
  10 bats
  A frilled lizard (D:2)
  3 goblins
  A jackal zombie (D:6)
  21 kobolds
  A leopard gecko skeleton (D:6)
  10 rats
  2 fungi (Lair:5)
  A plant (Lair:5)
605 creatures vanquished.

Vanquished Creatures (others)
  A troll (D:12)
  A bullfrog (D:8)
  A fungus (Lair:2)
3 creatures vanquished.

Grand Total: 608 creatures vanquished

Notes
Turn   | Place    | Note
-------+----------+-------------------------------------------
     0 | D:1      | Gumption the Dusk Walker Archaeologist began the quest for
                  | the Orb.
     0 | D:1      | Reached XP level 1. HP: 13/13 MP: 1/1
    28 | D:1      | Reached skill level 5 in Stealth
   148 | D:1      | Reached XP level 2. HP: 19/19 MP: 2/2
   497 | D:1      | Reached XP level 3. HP: 24/24 MP: 3/3
   929 | D:2      | Noticed Jessica
   950 | D:2      | Reached skill level 1 in Long Blades
   998 | D:2      | Killed Jessica
   998 | D:2      | Gained mutation: You are slightly more attuned to the
                  | shadows. [Dusk Walker growth]
   998 | D:2      | Reached XP level 4. HP: 27/30 MP: 4/4
  1027 | D:2      | Reached skill level 1 in Armour
  1127 | D:2      | Found an opulent altar of Gozag.
  1362 | D:2      | Found a shimmering altar of Xom.
  1697 | D:3      | Reached XP level 5. HP: 28/35 MP: 5/5
  2151 | D:3      | Found a faded altar of an unknown god.
  2406 | D:3      | Found an ancient bone altar of Kikubaaqudgha.
  2406 | D:3      | Noticed a human
  2480 | D:4      | Reached skill level 5 in Long Blades
  2480 | D:4      | Reached XP level 6. HP: 42/42 MP: 6/6
  2628 | D:4      | Noticed a sky beast
  2671 | D:4      | Killed a sky beast
  3031 | D:4      | Found an opulent altar of Gozag.
  3075 | D:4      | Got a shimmering dagger
  3075 | D:4      | Found a shadowy altar of Dithmenos.
  3082 | D:4      | Became a worshipper of Dithmenos the Shadowed
  3268 | D:4      | Reached skill level 1 in Shields
  3282 | D:4      | Reached XP level 7. HP: 43/47 MP: 7/7
  3416 | D:5      | Entered Level 5 of the Dungeon
  3803 | D:5      | Found a staircase to the Ecumenical Temple.
  3907 | Temple   | Entered the Ecumenical Temple
  4170 | D:5      | Gained mutation: You have razor-sharp teeth. [Dusk Walker
                  | growth]
  4170 | D:5      | Reached XP level 8. HP: 43/54 MP: 8/8
  4341 | D:5      | Identified the +4 dagger of the Inferno {elec, rN+ Str+5}
                  | (You found it on level 4 of the Dungeon)
  4709 | D:6      | Found a basalt altar of Yredelemnul.
  4759 | D:6      | Reached * piety under Dithmenos
  4944 | D:6      | Found Ahoacay's Weapon Emporium.
  4958 | D:6      | Found a white marble altar of Elyvilon.
  5157 | D:6      | Noticed Eustachio
  5166 | D:6      | Killed Eustachio
  5266 | D:6      | Found a bloodstained altar of Trog.
  5276 | D:6      | Found an ornate altar of the Wu Jian Council.
  5316 | D:6      | Reached skill level 5 in Fighting
  5321 | D:6      | Reached XP level 9. HP: 59/61 MP: 9/9
  5359 | D:6      | Found a deep blue altar of Sif Muna.
  5359 | D:6      | Found a snail-covered altar of Cheibriados.
  5444 | D:6      | Reached skill level 5 in Shields
  5725 | D:7      | Reached ** piety under Dithmenos
  5781 | D:7      | Reached skill level 5 in Armour
  5955 | D:7      | Found Jinicugg's General Store.
  6328 | D:7      | Found a hazy altar of Hepliaklqana.
  6455 | D:7      | Found a hide-covered altar of Uskayaw.
  6707 | D:7      | Reached skill level 10 in Stealth
  6839 | D:7      | Found an iron altar of Okawaru.
  6951 | D:8      | Noticed a manticore
  6954 | D:8      | Killed a manticore
  6954 | D:8      | Reached skill level 10 in Long Blades
  6954 | D:8      | Reached XP level 10. HP: 68/68 MP: 10/10
  6965 | D:8      | Found a staircase to the Lair.
  6968 | D:8      | Noticed Pikel
  6987 | D:8      | Killed Pikel
  7197 | D:8      | Found Zidaas's Armour Boutique.
  7557 | D:8      | Found a blossoming altar of Fedhas.
  7799 | D:8      | Reached *** piety under Dithmenos
  7804 | D:8      | Noticed a cyclops
  7821 | D:8      | Killed a cyclops
  8172 | D:8      | Noticed a centaur warrior
  8180 | D:8      | Killed a centaur warrior
  8525 | D:9      | Reached XP level 11. HP: 61/74 MP: 11/11
  8618 | D:9      | Found a corrupted altar of Lugonu.
  8788 | D:9      | Noticed a two-headed ogre
  8794 | D:9      | Killed a two-headed ogre
  8856 | D:9      | Noticed a deep elf mage
  8859 | D:9      | Killed a deep elf mage
  8901 | D:9      | Noticed a two-headed ogre
  8907 | D:9      | Killed a two-headed ogre
  9197 | D:10     | Entered Level 10 of the Dungeon
  9199 | D:10     | Identified a scroll of acquirement
  9200 | D:10     | Got a faintly humming cloak
  9211 | D:10     | Identified the +0 cloak of the Alphagorgon {Stlth+} (You
                  | acquired it on level 10 of the Dungeon)
  9253 | D:10     | Identified the Compendium of the Sailor
  9280 | D:10     | Found a flagged portal.
  9296 | Bailey   | Entered a bailey
  9314 | Bailey   | Reached **** piety under Dithmenos
  9636 | Bailey   | Got a sparkling emerald amulet
  9993 | D:10     | Noticed Maurice
  9995 | D:10     | Noticed an obsidian statue
 10006 | D:10     | Killed Maurice
 10036 | D:10     | Noticed Fannar
 10047 | D:10     | Killed Fannar
 10317 | D:10     | Identified the amulet "Loafuora" {Acrobat rF+ rC++ rN+}
                  | (You found it in a bailey)
 10581 | D:10     | Noticed a soul eater
 10706 | D:11     | Noticed a cyclops
 10710 | D:11     | Killed a cyclops
 10721 | D:11     | Reached ***** piety under Dithmenos
 10728 | D:11     | Noticed an orange crystal statue
 10759 | D:11     | Reached skill level 1 in Invocations
 10786 | D:11     | Noticed a sun demon
 10965 | D:11     | Noticed an orc knight
 10970 | D:11     | Noticed a two-headed ogre
 10971 | D:11     | Gained mutation: You are significantly more attuned to the
                  | shadows. [Dusk Walker growth]
 10971 | D:11     | Reached XP level 12. HP: 82/82 MP: 13/13
 10984 | D:11     | Reached skill level 10 in Shields
 11002 | D:11     | Killed a two-headed ogre
 11157 | D:11     | Reached skill level 10 in Armour
 11212 | D:11     | Found Teeryvak's General Store.
 11216 | D:11     | Bought a scroll of identify for 34 gold pieces
 11216 | D:11     | Bought a scroll of identify for 34 gold pieces
 11268 | D:11     | Found a staircase to the Orcish Mines.
 11279 | D:11     | Noticed a death knight
 11291 | D:11     | Killed a death knight
 11711 | Lair:1   | Entered Level 1 of the Lair of Beasts
 12727 | Lair:2   | Noticed Gastronok
 12765 | Lair:2   | Found a staircase to the Swamp.
 12776 | Lair:2   | Killed Gastronok
 13171 | Lair:2   | Got a jewelled chain mail
 13182 | Lair:2   | Identified the cursed +1 chain mail of the Evening Star
                  | {Int+2 Slay+5} (You found it on level 2 of the Lair of
                  | Beasts)
 13721 | Lair:3   | Noticed Snorg
 13731 | Lair:3   | Killed Snorg
 13936 | Lair:3   | Noticed Sonja
 13944 | Lair:3   | Reached ****** piety under Dithmenos
 13944 | Lair:3   | Reached XP level 13. HP: 90/90 MP: 15/15
 13965 | Lair:3   | Killed Sonja
 14504 | Lair:4   | Found a hole to the Spider Nest.
 15244 | Lair:5   | Got a scorched falchion
 15245 | Lair:5   | Identified the +6 falchion "Jinwadao" {chaos, *Rage rN+++
                  | Int-4 SInv} (You found it on level 5 of the Lair of Beasts)
 15515 | Lair:5   | Found a blossoming altar of Fedhas.
 16621 | Lair:6   | Entered Level 6 of the Lair of Beasts
 16796 | Lair:6   | Reached skill level 5 in Invocations
 16927 | Lair:6   | Found a staircase to the Slime Pits.
 16928 | Lair:6   | Found a viscous altar of Jiyva.
 17139 | Lair:6   | Reached skill level 15 in Stealth
 18087 | D:11     | Reached XP level 14. HP: 98/98 MP: 18/18
 18162 | D:11     | Found a gate to the Vaults.
 18242 | D:12     | Entered Level 12 of the Dungeon
 18287 | D:12     | Reached skill level 10 in Fighting
 18384 | D:12     | Identified Roxanne's Compendium of Transformation
 18384 | D:12     | Noticed Roxanne
 18799 | D:12     | Noticed Azrael
 18828 | D:12     | Killed Azrael
 19119 | D:12     | Reached skill level 15 in Armour
 19411 | D:12     | Found a staircase to the Depths.
 19647 | Orc      | Entered the Orcish Mines
 19720 | Orc      | Found a roughly hewn altar of Beogh.
 19785 | Orc      | Found a staircase to the Elven Halls.
 19855 | Orc      | Noticed Nergalle
 19861 | Orc      | Killed Nergalle
 19901 | Orc      | Found Losiho's Assorted Antiques.
 19928 | Orc      | Bought a scroll of enchant armour for 187 gold pieces
 19958 | Orc      | Found Atsef's Jewellery Boutique.
 19976 | Orc      | Bought an uncursed ring of protection from magic for 350
                  | gold pieces
 20006 | Orc      | Found Madghemm's Antique Weapon Shop.
 20063 | Orc      | Found Wigocew's Book Shoppe.
 20348 | Orc      | Found Atou's Weapon Shop.
 20348 | Orc      | Found Vaeck's Weapon Shoppe.
 20630 | Orc      | Found a roughly hewn altar of Beogh.
 20732 | Orc      | Bought an uncursed ring of poison resistance for 280 gold
                  | pieces
 21004 | Spider:1 | Entered Level 1 of the Spider Nest
 21167 | Spider:1 | Noticed Nikola
 21184 | Spider:1 | Killed from afar by Nikola

Skill      XL: |  1  2  3  4  5  6  7  8  9 10 11 12 13 14 |
---------------+-------------------------------------------+-----
Stealth        | 5 6 7 8 9 10 11 12 13 15 | 15.1
Fighting       | 2 3 4 5 6 7 8 9 10 | 10.5
Long Blades    | 2 3 5 6 7 8 10 11 12 | 12.0
Armour         | 1 2 3 4 5 6 9 12 14 15 | 15.3
Shields        | 1 3 4 6 8 9 11 12 13 | 13.5
Invocations    | 1 3 5 6 |  6.6
Dodging        | |  3.0

Action                   |  1- 3 |  4- 6 |  7- 9 | 10-12 | 13-15 || total
-------------------------+-------+-------+-------+-------+-------++-------
Melee: Unarmed           |    33 |       |       |       |       ||    33
       Dagger            |    79 |   245 |    36 |     7 |    43 ||   410
       Bite              |     6 |    23 |     8 |    52 |    77 ||   166
       Katana            |       |       |   167 |   598 |   596 ||  1361
Throw: Tomahawk          |       |       |       |     4 |       ||     4
Evoke: Wand              |       |       |       |       |     1 ||     1
  Use: Scroll            |     3 |     2 |     7 |    16 |    13 ||    41
       Potion            |       |     2 |       |       |     1 ||     3
 Stab: Sleeping          |    13 |    16 |    18 |    38 |    48 ||   133
       Distracted        |       |       |       |     4 |     7 ||    11
  Eat: Chunk             |       |     8 |    11 |    23 |    19 ||    61
       Ration            |       |       |       |       |     1 ||     1
Armor: Robe              |    48 |   110 |    25 |       |       ||   183
       Chain mail        |       |       |    46 |   123 |   111 ||   280
       Crystal plate arm |       |       |       |       |    76 ||    76
Dodge: Dodged            |    70 |   162 |    32 |    72 |    78 ||   414
Block: Large shield      |       |    43 |   135 |   460 |   404 ||  1042
